 Seeded DCSS version 0.28-a0-1152-g9c71ebef14 (webtiles) character file.

Game seed: 12130800008223909736 (custom seed)

164553 croobank the Cleaver (level 16, -8/177 HPs)
             Began as a Demigod Fighter on Dec 14, 2021.
             Mangled by a guardian serpent (10 damage)
             ... on level 1 of the Snake Pit.
             The game lasted 03:34:34 (22937 turns).

croobank the Cleaver (Demigod Fighter)             Turns: 22937, Time: 03:34:36

Health: -8/177     AC: 36    Str: 29    XL:     16   Next: 71%
Magic:  35/35      EV: -1    Int: 18    God:
Gold:   171        SH: 11    Dex: 11    Spells: 35/35 levels left

rFire   . . .      SeeInvis .   a - +8 war axe of Uxzaprie {spect, rPois rN++ Dex-2}
rCold   . . .      Faith    .   d - +0 kite shield {rPois}
rNeg    + + .      Spirit   .   (armour currently unavailable)
rPois   +          Reflect  .   (helmet currently unavailable)
rElec   .          Harm     .   (cloak currently unavailable)
rCorr   .          Rampage  .   (gloves currently unavailable)
Will    ++...      NoTele   +   (boots currently unavailable)
Stlth   +.........              e - amulet of regeneration
HPRegen 1.19/turn               Z - ring of the Tortoise {AC+8}
MPRegen 0.24/turn               H - ring of willpower

@: lethally poisoned (-8 -> -12), tree-form, slowed, constricted, very slow
A: stationary, stasis, torment immunity, boosted hp, high mp 1, forlorn, divine
attributes, (horns 1), (talons 1), frail 1
a: no special abilities


You were on level 1 of the Snake Pit.
You were a tree.
You visited 5 branches of the dungeon, and saw 25 of its levels.
You also visited: Bailey and Volcano.

You collected 4188 gold pieces.
You spent 4017 gold pieces at shops.

Inventory:

Hand Weapons
 a - the +8 war axe of Uxzaprie (weapon) {spect, rPois rN++ Dex-2}
   (You bought it in a shop on level 6 of the Dungeon)

   When its wielder attacks, the weapon's spirit leaps out and strikes again.
   The spirit shares a part of any damage it takes with its wielder.
   Dex:       It affects your dexterity (-2).
   rPois:     It protects you from poison.
   rN:        It greatly protects you from negative energy.
 b - a +0 vorpal hunting sling
 j - a +2 demon trident of flaming
 r - a +3 battleaxe of freezing
 A - a +7 long sword of venom
 O - a +2 long sword of flaming
Missiles
 u - an atropa-tipped dart (quivered)
 x - 182 sling bullets
Armour
 d - a +0 kite shield of poison resistance (worn)
 s - the +2 hat "Mocoox" (melded) {rPois rF+ Stlth+}
   (You acquired it on level 3 of the Dungeon)

   rF:        It protects you from fire.
   rPois:     It protects you from poison.
   Stlth:     It makes you more stealthy.
 F - +6 acid dragon scales
 G - the +1 swamp dragon scales of the Orb (melded) {rElec rPois rN+}
   (You bought it in a shop on level 2 of the Orcish Mines)

   rElec:     It insulates you from electricity.
   rPois:     It protects you from poison.
   rN:        It protects you from negative energy.
 L - a +0 cloak (melded)
 Q - a +2 pair of gloves (melded)
 X - a +2 pair of boots of rampaging (melded)
Jewellery
 e - an amulet of regeneration (around neck)
 f - a ring of ice
 l - a ring of fire
 p - the ring "Vostor" {rPois Dex+4 Slay+2}
   (You took it off an orc in a bailey)

   [ring of poison resistance]

   Dex:       It affects your dexterity (+4).
   Slay:      It affects your accuracy & damage with ranged weapons and melee
   (+2).
   rPois:     It protects you from poison.
 w - a ring of positive energy
 y - a ring of see invisible
 H - a ring of willpower (right branch)
 T - a +4 ring of evasion
 W - an amulet of magic regeneration
 Z - the ring of the Tortoise (left branch) {AC+8}
   (You bought it in a shop on level 6 of the Dungeon)

   [ring of protection]

   AC:        It affects your AC (+8).
Wands
 B - a wand of polymorph (13)
 E - a wand of paralysis (13)
Scrolls
 i - 17 scrolls of identify {identify}
 k - 3 scrolls of teleportation
 n - 3 scrolls of enchant weapon {enchant weapon, unknown}
 o - 5 scrolls of magic mapping {magic mapping, unknown}
 q - 5 scrolls of immolation {immolation, unknown}
 t - 2 scrolls of holy word {holy word}
 v - 3 scrolls of fog {fog}
 D - 4 scrolls of amnesia {amnesia, unknown}
Potions
 g - 2 potions of resistance {resistance, unknown}
 h - 6 potions of flight {flight, unknown}
 m - a potion of brilliance {brilliance, unknown}
 z - 3 potions of might
 C - 2 potions of magic {magic, unknown}
 I - 6 potions of curing {curing}
 K - 9 potions of mutation
 M - 3 potions of cancellation {cancellation}
 P - 4 potions of lignification {lignification}
 U - a potion of haste {haste, unknown}
 V - 3 potions of invisibility {invisibility}


   Skills:
 - Level 9.4 Fighting
 - Level 11.1 Long Blades
 - Level 14.2 Axes
 - Level 6.0 Armour
 - Level 11.1 Shields
 - Level 10.0 Spellcasting
 - Level 10.4 Conjurations
 + Level 7.4 Transmutations


You had 35 spell levels left.
You didn't know any spells.
Your spell library contained the following spells:

 Spells                   Type           Power      Damage    Failure   Level
 Beastly Appendage        Tmut           70%        N/A       1%          1
 Magic Dart               Conj           100%       1d8       1%          1
 Shock                    Conj/Air       100%       1d9       1%          1
 Wereblood                Tmut           35%        N/A       1%          2
 Conjure Flame            Conj/Fire      27%        6-21      4%          3
 Iskenderun's Battlesphe  Conj           46%        2d10      4%          5
 Spider Form              Tmut/Pois      22%        N/A       9%          3
 Mephitic Cloud           Conj/Pois/Air  21%        N/A       10%         3
 Animate Skeleton         Necr           18%        N/A       13%         1
 Apportation              Tloc           18%        N/A       13%         1
 Summon Small Mammal      Summ           36%        N/A       13%         1
 Call Imp                 Summ           9%         N/A       19%         2
 Corpse Rot               Necr/Air       18%        N/A       19%         2
 Poisonous Vapours        Pois/Air       18%        N/A       19%         2
 Petrify                  Tmut/Erth      22%        N/A       28%         4
 Gell's Gravitas          Tloc           9%         N/A       36%         3
 Lesser Beckoning         Tloc           9%         N/A       36%         3
 Teleport Other           Tloc           9%         N/A       36%         3
 Fireball                 Conj/Fire      13%        3d7       38%         5
 Alistair's Intoxication  Tmut/Pois      14%        N/A       61%         5
 Orb of Destruction       Conj           23%        9d10      83%         7
 Conjure Ball Lightning   Conj/Air       13%        3x3d6     93%         6
 Metabolic Englaciation   Hex/Ice        4%         N/A       98%         5
 Silence                  Hex/Air        4%         N/A       98%         5
 Statue Form              Tmut/Erth      14%        N/A       99%         6
 Borgnjor's Revivificati  Necr           4%         N/A       100%        8
 Necromutation            Tmut/Necr      11%        N/A       100%        8
 Death's Door             Necr           4%         N/A       100%        9


Dungeon Overview and Level Annotations

Branches:
Dungeon (15/15)            Temple (0/1) D:4            Lair (6/6) D:10
  Swamp (0/4) Lair:3        Snake (1/4) Lair:4        Slime (0/5) Lair:6
    Orc (2/2) D:11            Elf (0/3) Orc:2        Vaults (0/5) D:14
 Depths (1/4) D:15         Bailey (visited)         Volcano (visited)

Shops:
D:6 =*[(   D:7 **(   D:9 *   D:12 !   Orc:2 =![[

Annotations:
Lair:1 exclusion: oklob plant
Lair:6 3 runed translucent doors, Lunaplom's ghost, journeyman MiBe
Orc:1 exclusion: oklob plant


Innate Abilities, Weirdness & Mutations

You are a tree.
Your roots penetrate the ground, keeping you stationary.
You cannot be teleported.
You are immune to unholy pain and torment.
Your maximum health is greatly increased.
Your equipment is partially melded.
You have an increased reservoir of magic. (+10% MP)
You shall have no god before yourself.
Your divine heritage dramatically boosts your attributes as you level up.
((You have a pair of small horns on your head.))
((You have sharp toenails.))
You are frail. (-10% HP)


Message History

The naga mage casts a spell at the naga.
The naga seems to grow toxic.
The naga mage hits you but does no damage.
The naga hits you but does no damage.
The guardian serpent hits you but does no damage.
You block the black mamba's attack. You block the naga warrior's attack.
The naga warrior constricts you.
The guardian serpent coils itself and waves its upper body at you.
The naga ritualist mumbles some strange prayers to its god against you.
You resist with almost no effort.
Okay, then.
You barely miss the black mamba.
The black mamba is almost dead.
You closely miss the guardian serpent.
You hit the naga warrior but do no damage.
You hit the guardian serpent. You closely miss the naga.
You slash the naga ritualist!
You kill the naga ritualist!
You block the black mamba's attack. You block the naga mage's attack.
The guardian serpent hits you but does no damage. x2
The naga hits you with a +0 dire flail!!
* * * LOW HITPOINT WARNING * * *
The naga warrior hits you but does no damage.
The naga warrior constricts you.
The black mamba bites you but does no damage.
You block the naga mage's attack.
The guardian serpent hits you but does no damage.
The guardian serpent hits you.
* * * LOW HITPOINT WARNING * * *
The naga mage spits poison at you.
The splash of poison hits you but does no damage.
The naga hits you but does no damage.
You feel better. You block the black mamba's attack.
The naga mage hits you from afar with a +0 halberd.
* * * LOW HITPOINT WARNING * * *
The guardian serpent casts a spell at you.
The bolt of poison hits you but does no damage.
You are lethally poisoned!
You resist. The guardian serpent hits you!
You die...

... ..###.# ....
.#..... #....
..... . #...#
...## .#
#...###....#.#
#.....<.....#.#
.##$...S......#.
S.......S#S......
......N.N♣#N../.
........NSN......
...#...#.NN......
.. ###...........
. #....#...[..
..#.#.......
.###.#....... #.
#. .......


You could see a naga warrior (curare), 2 guardian serpents, 2 black mambas, 3
naga magi and 2 nagas.

Vanquished Creatures
  Jorgrun (D:14)
  Rupert (D:14)
  A fire giant (D:15)
  An orc warlord (Bailey)
  A frost giant (D:15)
  Louise (D:14)
  3 very ugly things (D:15)
  A vampire knight (D:15)
  A red draconian (Volcano)
  Azrael (D:14)
  Snorg (D:14)
  5 boulder beetles
  10 hydras
  6 centaur warriors
  A catoblepas (Lair:6)
  3 two-headed ogres
  2 dancing weapons (D:14)
  A deep troll shaman (D:15)
  6 death yaks
  6 tengu warriors (D:15)
  8 orc high priests (Orc:2)
  Nergalle (Lair:2)
  A spriggan berserker (D:15)
  A salamander mystic (Volcano)
  5 skeletal warriors (D:13)
  2 deep trolls (D:15)
  2 phantasmal warriors (D:15)
  A deep elf pyromancer (D:11)
  4 wizards
  Pikel (D:8)
  A naga ritualist (Snake:1)
  A harpy (shapeshifter) (D:13)
  2 harpies (Lair:6)
  6 orc knights
  17 ugly things
  2 orc sorcerers
  6 salamanders (Volcano)
  6 elephants (Lair:4)
  8 manticores
  6 cyclopes
  Maurice (D:12)
  6 black mambas
  A torpor snail (Lair:6)
  Joseph (D:10)
  3 gargoyles
  Maggie (D:7)
  11 cane toads
  A kobold demonologist (D:12)
  15 komodo dragons
  4 unseen horrors
  An unseen horror (shapeshifter) (D:15)
  5 tengu conjurers
  6 rime drakes
  A freezing wraith (D:13)
  12 trolls
  A wind drake (Lair:6)
  6 polar bears
  6 slime creatures
  4 hornets
  15 blink frogs
  2 snapping turtles (Lair:6)
  A centaur simulacrum (D:15)
  Sigmund (D:5)
  A shadow (D:11)
  Eustachio (D:6)
  61 yaks
  A tarantella (shapeshifter) (D:14)
  A water elemental (D:15)
  A yak (shapeshifter) (D:14)
  7 wyverns
  6 basilisks
  2 spriggans (D:15)
  2 wraiths (D:11)
  4 fire elementals (D:14)
  17 vampire mosquitoes
  8 steam dragons
  3 nagas
  A two-headed ogre zombie (D:11)
  8 wargs
  An acid dragon (D:13)
  Pargi (D:3)
  9 water moccasins
  An ice beast (D:7)
  22 orc warriors
  4 sky beasts
  6 black bears
  A necrophage (D:6)
  4 ogres
  7 centaurs
  22 wolves
  A phantom (D:10)
  3 kobold brigands (D:12)
  7 bullfrogs
  A wyvern zombie (D:8)
  A gnoll sergeant (D:7)
  A troll zombie (D:11)
  A killer bee (D:11)
  3 wights (D:7)
  2 howler monkeys
  3 centaur zombies
  4 hounds
  2 jellies (D:6)
  A bullfrog skeleton (D:6)
  31 orc priests
  4 gnoll shamans
  Jessica (D:3)
  An iguana (D:6)
  11 orc wizards
  6 ogre zombies (D:11)
  A hound zombie (D:5)
  A howler monkey zombie (D:9)
  A howler monkey skeleton (D:7)
  41 gnolls
  4 adders
  A shadow imp (D:5)
  A white imp (D:6)
  An ufetubus (D:5)
  An adder zombie (D:5)
  2 worms
  4 dart slugs
  71 orcs
  2 ball pythons (D:2)
  3 endoplasms (D:1)
  2 giant cockroaches
  22 goblins
  20 hobgoblins
  3 quokkas
  3 bats
  2 frilled lizards
  A goblin zombie (D:11)
  3 hobgoblin zombies (D:11)
  8 kobolds
  An orc skeleton (D:11)
  20 orc zombies (D:11)
  3 rats
  A bush (Lair:3)
748 creatures vanquished.

Vanquished Creatures (collateral kills)
  A merfolk avatar (Lair:6)
  A wyvern (Lair:6)
  A basilisk (Lair:6)
3 creatures vanquished.

Vanquished Creatures (others)
  2 black mambas (Snake:1)
  A rime drake (Lair:6)
  66 fungi
  89 plants
158 creatures vanquished.

Grand Total: 909 creatures vanquished

Notes
Turn   | Place    | Note
-------+----------+-------------------------------------------
     0 | D:1      | croobank the Demigod Fighter began the quest for the Orb.
     0 | D:1      | Reached XP level 1. HP: 18/18 MP: 3/3
   552 | D:1      | Reached skill level 2 in Axes
   592 | D:1      | Reached XP level 2. HP: 25/25 MP: 4/4
  1279 | D:2      | Reached XP level 3. HP: 31/31 MP: 5/5
  1787 | D:3      | Noticed Pargi
  1788 | D:3      | Identified 3 scrolls of acquirement {acquirement}
  1788 | D:3      | Acquired the +2 hat "Mocoox" {rPois rF+ Stlth+}
  1859 | D:3      | Killed Pargi
  1860 | D:3      | Reached XP level 4. HP: 24/38 MP: 6/6
  2094 | D:3      | Noticed Jessica
  2096 | D:3      | Killed Jessica
  2097 | D:3      | Reached XP level 5. HP: 44/45 MP: 7/7
  2541 | D:3      | Reached skill level 3 in Axes
  3044 | D:4      | Found a staircase to the Ecumenical Temple.
  3071 | D:4      | Noticed a black bear
  3084 | D:4      | Killed a black bear
  3471 | D:5      | Entered Level 5 of the Dungeon
  3492 | D:5      | Reached XP level 6. HP: 52/52 MP: 8/8
  3565 | D:5      | Noticed Sigmund
  3622 | D:5      | Killed Sigmund
  3678 | D:5      | Reached skill level 4 in Axes
  3678 | D:5      | Reached XP level 7. HP: 35/60 MP: 9/9
  3927 | D:6      | Found Ygyota's Weapon Shop.
  3935 | D:6      | Acquired 471 gold pieces
  3949 | D:6      | Found Hicsephi's Antique Armour Boutique.
  3986 | D:6      | HP: 3/60 [poisoned by an orc priest]
  3991 | D:6      | HP: 2/60 [poisoned by an orc priest]
  4068 | D:6      | Acquired 452 gold pieces
  4218 | D:6      | Bought the +8 war axe of Uxzaprie {spect, rPois rN++ Dex-2}
                  | for 993 gold pieces
  4238 | D:6      | Reached skill level 5 in Fighting
  4240 | D:6      | Found Wetiomp's General Store.
  4262 | D:6      | Noticed Eustachio
  4272 | D:6      | Killed Eustachio
  4273 | D:6      | Reached skill level 5 in Armour
  4273 | D:6      | Reached skill level 5 in Shields
  4281 | D:6      | Reached XP level 8. HP: 66/68 MP: 10/10
  4361 | D:6      | Found Leclugu's Jewellery Shop.
  4366 | D:6      | Bought a ring of see invisible for 165 gold pieces
  4505 | D:6      | Reached skill level 5 in Axes
  4760 | D:7      | Noticed Maggie
  4781 | D:7      | Killed Maggie
  4857 | D:7      | Reached skill level 9 in Axes
  4857 | D:7      | Reached XP level 9. HP: 84/84 MP: 11/11
  4864 | D:7      | Found Mijiuple's Assorted Antiques.
  4877 | D:7      | Reached skill level 1 in Long Blades
  4970 | D:7      | Bought a blackened diamond ring for 125 gold pieces
  5039 | D:7      | Found Hobu's Weapon Emporium.
  5089 | D:7      | Found Sostroc's General Store.
  5182 | D:7      | Gained mutation: You have sharp toenails. [potion of
                  | mutation]
  5182 | D:7      | Gained mutation: You are frail. (-10% HP) [potion of
                  | mutation]
  5182 | D:7      | Gained mutation: Your body sometimes deteriorates upon
                  | taking damage. [potion of mutation]
  5182 | D:7      | Gained mutation: You have a considerably increased
                  | reservoir of magic. (+20% MP) [potion of mutation]
  5183 | D:7      | Lost mutation: Your body sometimes deteriorates upon taking
                  | damage. [potion of mutation]
  5183 | D:7      | Lost mutation: You have a considerably increased reservoir
                  | of magic. (+20% MP) [potion of mutation]
  5183 | D:7      | Gained mutation: You have a pair of small horns on your
                  | head. [potion of mutation]
  5313 | D:7      | Reached XP level 10. HP: 81/81 MP: 13/13
  5664 | D:8      | Noticed Pikel
  5673 | D:8      | Killed Pikel
  5674 | D:8      | Reached skill level 10 in Axes
  6152 | D:9      | Found Yqudeimu's Neck Hole.
  6210 | D:9      | Reached skill level 5 in Long Blades
  6647 | D:10     | Entered Level 10 of the Dungeon
  6779 | D:10     | Found a staircase to the Lair.
  6791 | D:10     | Reached XP level 11. HP: 82/87 MP: 14/14
  6795 | D:10     | Reached skill level 11 in Axes
  7044 | D:10     | Noticed Joseph
  7050 | D:10     | Killed Joseph
  7320 | Lair:1   | Entered Level 1 of the Lair of Beasts
  7396 | D:7      | Acquired 793 gold pieces
  7705 | Lair:1   | Reached skill level 12 in Axes
  7774 | Lair:1   | Noticed a five-headed hydra
  7780 | Lair:1   | Killed a one-headed hydra
  8426 | Lair:2   | Reached XP level 12. HP: 90/94 MP: 15/15
  8584 | Lair:2   | Noticed Nergalle
  8594 | Lair:2   | Killed Nergalle
  8671 | Lair:2   | Reached skill level 13 in Axes
  9521 | Lair:3   | Reached skill level 10 in Long Blades
  9553 | Lair:3   | Found a staircase to the Swamp.
 10149 | Lair:4   | Found a staircase to the Snake Pit.
 10356 | Lair:4   | Reached skill level 14 in Axes
 10475 | Lair:4   | Reached XP level 13. HP: 66/99 MP: 16/16
 10920 | Lair:5   | Found a dark tunnel.
 10937 | Lair:5   | Reached skill level 1 in Spellcasting
 10937 | Lair:5   | Reached skill level 1 in Conjurations
 10938 | Volcano  | Entered a volcano
 10971 | Volcano  | Noticed a red draconian
 11044 | Volcano  | Killed a red draconian
 11385 | Lair:5   | Identified the +1 leather armour of Resonance {rF+ Will+}
 11578 | D:6      | Bought the ring of the Tortoise {AC+8} for 1408 gold pieces
 11578 | D:6      | Found the ring of the Tortoise {AC+8}
 12317 | Lair:6   | Entered Level 6 of the Lair of Beasts
 12332 | Lair:6   | Found a runed translucent gate.
 12332 | Lair:6   | Noticed Lunaplom's ghost (journeyman MiBe)
 12344 | Lair:6   | Found a runed translucent gate.
 12344 | Lair:6   | Found a runed translucent gate.
 12383 | Lair:6   | Reached skill level 5 in Conjurations
 12473 | Lair:6   | Reached skill level 5 in Spellcasting
 12503 | Lair:6   | Acquired a +0 kite shield of poison resistance
 12949 | Lair:6   | Found a staircase to the Slime Pits.
 13696 | D:11     | Found a staircase to the Orcish Mines.
 13701 | D:11     | Reached XP level 14. HP: 106/106 MP: 28/28
 14140 | D:11     | Got the Papyrus of Dhcmrlchtdj
 14149 | D:11     | Got Koroz's Papyrus of Combed Thunderclap
 14158 | D:11     | Got the Incunabulum of Sand
 14969 | D:12     | Found a flagged portal.
 14994 | Bailey   | Entered a bailey
 15170 | Bailey   | Noticed an orc warlord
 15299 | Bailey   | Killed an orc warlord
 15362 | Bailey   | Identified the ring "Vostor" {rPois Dex+4 Slay+2}
 15648 | Orc:1    | Entered Level 1 of the Orcish Mines
 15803 | Orc:2    | Entered Level 2 of the Orcish Mines
 16249 | Orc:2    | Reached skill level 1 in Transmutations
 16722 | Orc:2    | Found Bomohov's Antique Armour Shop.
 16722 | Orc:2    | Found Etuas's Armour Shoppe.
 16931 | Orc:2    | Found a staircase to the Elven Halls.
 16967 | Orc:2    | Found Cashrasut's Jewellery Shop.
 16972 | Orc:2    | Found Teoxti's Distillery.
 16997 | Orc:2    | Reached skill level 10 in Conjurations
 16997 | Orc:2    | Reached XP level 15. HP: 64/112 MP: 31/33
 17639 | Orc:2    | Bought a ring of ice for 375 gold pieces
 17776 | D:12     | Noticed Maurice
 17797 | D:12     | Killed Maurice
 18123 | D:12     | Found Vein's Distillery.
 19190 | D:13     | Reached XP level 16. HP: 118/118 MP: 34/34
 19666 | D:14     | Noticed Louise
 19704 | D:14     | Killed Louise
 19832 | D:14     | Noticed Rupert
 19843 | D:14     | Killed Rupert
 19844 | D:14     | Noticed Jorgrun
 19849 | D:14     | Killed Jorgrun
 19938 | D:14     | Noticed Azrael
 19965 | D:14     | Killed Azrael
 20355 | D:14     | Found a gate to the Vaults.
 20472 | D:14     | Reached skill level 10 in Shields
 20499 | D:14     | Acquired a Necronomicon
 20626 | D:14     | Noticed Snorg
 20633 | D:14     | Killed Snorg
 20743 | D:15     | Entered Level 15 of the Dungeon
 21349 | D:15     | Reached skill level 10 in Spellcasting
 21546 | D:15     | Found a staircase to the Depths.
 21567 | D:15     | Reached skill level 5 in Transmutations
 21918 | D:14     | Upgraded the game from 0.28-a0-1143-gcf6077d4cc to
                  | 0.28-a0-1152-g9c71ebef14
 22088 | Orc:2    | Bought the +1 swamp dragon scales of the Orb {rElec rPois
                  | rN+} for 951 gold pieces
 22289 | Depths:1 | Entered Level 1 of the Depths
 22922 | Snake:1  | Entered Level 1 of the Snake Pit
 22933 | Snake:1  | HP: 2/177 [black mamba (10)]
 22937 | Snake:1  | Mangled by a guardian serpent

Illustrated notes

Levels and vault maps discovered:
D:1:      minmay_arrival_checkered_box, layout_basic, minmay_pentomino_q2
D:2:      layout_loops_cross
D:3:      layout_loops_corners, serial_bayou, serial_bayou_pond_c,
          serial_bayou_lagoon_b, serial_bayou_pond_c, serial_bayou_pond_e,
          uniq_pargi, uniq_jessica
D:4:      layout_basic, marbit_many_paths, minmay_temple_entry_enclosed_plants,
          hex_intersection
D:5:      layout_rooms, uniq_sigmund
D:6:      layout_rooms, serial_shops, shop, nicolae_diamond_shop,
          nicolae_shop_advertising_works [nicolae_subvault_shop_adworks], shop,
          chequers_serial_rivers_micro_a, uniq_eustachio
D:7:      layout_cave_pools, serial_gnoll_camp, gnoll_camp_mini_shop,
          gnoll_camp_mini_loothouse, gnoll_camp_mini_sergeant,
          gnoll_camp_mini_shop, serial_shops, kennysheep_little_box, uniq_maggie
D:8:      layout_basic, lemuel_round_altar, mainiacjoe_overflow_catwalk,
          uniq_pikel
D:9:      layout_cave_pools, nicolae_shop_sticking_my_neck_out
D:10:     layout_roguey, general_overflow_altar, due_lair_maze_entry_diamond,
          uniq_joseph
D:11:     minmay_quarter_circles, layout_small_grid, zombieorc2_lemuel,
          bh_hangedman_babel_library
D:12:     layout_stronghold, portal_ice_cave_rime, serial_shops, shop,
          enter_bailey_4, uniq_maurice
D:13:     minmay_blocking_statues, layout_rooms,
          eino_small_chamber_without_monster, nrook_mini_backslash
D:14:     layout_basic, erik_vaults_1, elyvilon_altar_5, uniq_louise,
          uniq_snorg, uniq_azrael, uniq_rupert, uniq_jorgrun
D:15:     grunt_enter_depths_snipers, layout_basic, minmay_door_square
Lair:1:   layout_loops_ring, minmay_lair_oklob_items, lemuel_old_faithful,
          serial_bayou_shore_b
Lair:2:   layout_cave_pods, beast_lair_carwin_3, uniq_nergalle
Lair:3:   layout_cave_pods, minmay_swamp_entry_swarm, st_stairs_8
Lair:4:   layout_concentric_octagons, guppyfry_snake_entry_garden
Lair:5:   layout_gridlike, nicolae_volcano_entry_lava_flow,
          chequers_serial_rivers_marsh
Lair:6:   gammafunk_lair_ancient_temple, layout_big_grid, slime_altar_1,
          gammafunk_ghost_split, chequers_serial_rivers_small_3
Snake:1:  layout_onion_interference, serial_bayou_shore_b, lemuel_fruit_tree
Orc:1:    layout_caves, mines3_lemuel
Orc:2:    st_orc_town, layout_caves
Depths:1: layout_cave_pools, serial_shops, nicolae_shop_waterfront,
          nicolae_dithmenos_shadow_blocks, grunt_hell_entry_dis_grunt,
          kennysheep_cross_bottleneck, nicolae_lava_and_water, minivault_12

Skill      XL: |  1  2  3  4  5  6  7  8  9 10 11 12 13 14 15 16 |
---------------+-------------------------------------------------+-----
Axes           | 2 3 4 9 10 12 14 | 14.2
Fighting       | 3 4 5 9 |  9.4
Shields        | 3 4 5 6 7 11 | 11.1
Armour         | 3 4 5 6 |  6.0
Long Blades    | 2 5 8 11 | 11.1
Spellcasting   | 6 9 10 | 10.0
Conjurations   | 7 10 | 10.4
Transmutations | 3 4 7 |  7.4

Action                   |  1- 3 |  4- 6 |  7- 9 | 10-12 | 13-15 | 16-18 || total
-------------------------+-------+-------+-------+-------+-------+-------++-------
Melee: War axe           |    36 |   107 |    96 |   352 |   628 |   311 ||  1530
       Hand axe          |    80 |     2 |       |       |       |       ||    82
       Headbutt          |       |       |     2 |    94 |   182 |   105 ||   383
       Kick              |       |       |     1 |   135 |    20 |       ||   156
       Long sword        |       |       |       |     9 |   149 |    98 ||   256
 Fire: Hunting sling     |       |       |       |       |     4 |     2 ||     6
Throw: Dart              |     1 |     2 |     2 |     1 |     6 |    11 ||    23
       Stone             |       |     1 |     1 |       |       |       ||     2
       Throwing net      |       |       |       |       |     1 |       ||     1
Evoke: Wand              |       |       |       |     9 |    24 |     9 ||    42
  Use: Potion            |     3 |       |     3 |       |    10 |    11 ||    27
       Scroll            |     2 |     2 |     9 |     2 |     9 |     7 ||    31
 Stab: Invisible         |       |       |     2 |       |     2 |       ||     4
       Sleeping          |       |       |     1 |     2 |     3 |     1 ||     7
       Distracted        |       |       |       |     3 |     9 |     2 ||    14
       Paralysed         |       |       |       |     2 |     1 |     6 ||     9
       Petrified         |       |       |       |       |     7 |       ||     7
       Petrifying        |       |       |       |       |     1 |       ||     1
Armor: Scale mail        |    69 |    81 |    50 |       |       |       ||   200
       Acid dragon scale |       |       |       |    91 |   437 |   294 ||   822
       Skin              |       |       |       |       |       |    31 ||    31
       Swamp dragon scal |       |       |       |       |       |    15 ||    15
Dodge: Dodged            |    80 |    59 |    48 |   129 |   351 |   149 ||   816
Block: Buckler           |    31 |    34 |    28 |    59 |    25 |       ||   177
       Kite shield       |       |       |       |       |   135 |   252 ||   387

Table legend: (Time is in decaauts)
 A = Elapsed time spent in this place.
 B = Non-inter-level travel time spent in this place.
 C = Inter-level travel time spent in this place.
 D = Time resting spent in this place.
 E = Time spent auto-exploring this place.
 F = Levels seen in this place.
 G = Mean time per level.
                   A        B        C        D        E       F      G
               +--------+--------+--------+--------+--------+-----+--------+
         Total |  22990 |  20725 |   2265 |   1613 |  12686 |  27 |  851.5 |
       Dungeon |  14204 |  12854 |   1350 |   1174 |   7886 |  15 |  946.9 |
          Lair |   5763 |   5227 |    536 |    177 |   3819 |   6 |  960.5 |
     Snake Pit |     15 |     15 |      0 |      0 |      0 |   1 |   15.0 |
  Orcish Mines |   2199 |   1822 |    377 |    220 |    766 |   2 | 1099.5 |
        Depths |     11 |     11 |      0 |      0 |      0 |   1 |   11.0 |
        Bailey |    549 |    549 |      0 |     26 |    118 |   1 |  549.0 |
       Volcano |    247 |    247 |      0 |     16 |     96 |   1 |  247.0 |
               +--------+--------+--------+--------+--------+-----+--------+

Top non-repeatable levels by time:
    D:11: 1528 daAuts
   Orc:2: 1520 daAuts
    D:15: 1399 daAuts
    D:14: 1387 daAuts
  Lair:6: 1130 daAuts
    D:12: 1127 daAuts
     D:1: 1115 daAuts
  Lair:3: 1079 daAuts
  Lair:2: 1047 daAuts
     D:3: 958 daAuts
  Lair:5: 941 daAuts
    D:13: 940 daAuts
     D:7: 910 daAuts
    D:10: 836 daAuts
  Lair:4: 792 daAuts
